 Dungeon Crawl Stone Soup version 0.31-a0-971-g75a2e9a4b4 (webtiles) character file.

Game seed: 10008116841534711603

42 timneilson the Changeling (level 3, -3/20 HPs)
             Began as a Deep Elf Shapeshifter on Oct 28, 2023.
             Slain by a goblin
             ... wielding a +0 dagger
             ... led by Robin
              (4 damage)
             ... on level 2 of the Dungeon.
             The game lasted 00:05:01 (857 turns).

timneilson the Changeling (Deep Elf Shapeshifter)    Turns: 857, Time: 00:05:02

Health: -3/20      AC:  2    Str: 13    XL:     3   Next: 33%
Magic:  5/5        EV: 12    Int: 14    God:
Gold:   21         SH:  6    Dex: 14    Spells: 2/2 levels left

rFire   . .          .
                       - Unarmed
rCold   . . .        g - +2 buckler
rNeg    . . .        a - +0 animal skin
rPois   .            (helmet currently unavailable)
rElec   .            (cloak currently unavailable)
rCorr   .            (gloves currently unavailable)
SInv    .            (boots currently unavailable)
Will    .....        (no amulet)
Stlth   ++           (no ring)
HPRegen 0.23/turn    (no ring)
MPRegen 0.09/turn

%: no passive effects
@: beast-form
A: beast (slay +2)
a: Begin Untransformation


You were on level 2 of the Dungeon.
You were a hulking beast.
You visited 1 branch of the dungeon, and saw 2 of its levels.

You collected 21 gold pieces.

Inventory:

Armour
 a - a +0 animal skin (worn)
 g - a +2 buckler (worn)
 j - a +0 plate armour
Talismans
 c - a beast talisman
 d - a flux talisman
Scrolls
 e - a scroll of identify
 i - a scroll of teleportation
Potions
 b - 2 potions of lignification
 f - a potion of magic
 h - 2 potions of haste


   Skills:
 * Level 1.3 Fighting
 + Level 0.5 Armour
 + Level 2.7 Dodging
 + Level 1.0 Stealth
 + Level 0.1 Shields
 * Level 2.7 Unarmed Combat
 * Level 3.5 Shapeshifting


You had 2 spell levels left.
You didn't know any spells.
Your spell library was empty.

Dungeon Overview and Level Annotations

Branches:
Dungeon (2/15)

Altars:

Annotations:
D:2 Robin


Message History

You kill the goblin!
Things that are here:
a +0 dagger; a goblin corpse
Items here: )) [ ††.
Items here: ( )))) ††.
Things that are here:
a +0 whip; a kobold corpse You start resting.
HP restored.
Things that are here:
a +0 whip; a kobold corpse
Items here: ( )))) ††.
Items here: )) [ ††.
Things that are here:
a +0 dagger; a goblin corpse You hit the goblin.
You kill the goblin!
You see here a +0 club.
A goblin comes into view. It is wielding a +0 dagger.
A goblin comes into view. It is wielding a +0 dagger.
Robin shouts!
The goblin shouts! x2; You hear a shout! x2
A goblin comes into view. It is wielding a +0 dagger.
Robin throws the goblin at you! The goblin hits you with a +0 dagger.
You block the goblin's attack.
You see here a +0 club.
Robin roars a battlecry!
The goblins go into a battle-frenzy!
Robin says, "A pitiful Elf like you will never find the ORB!"
Robin throws the goblin at you! The goblin hits you with a +0 dagger.
You completely miss the goblin.
The goblin hits you with a +0 dagger. x2
* * * LOW HITPOINT WARNING * * *
You closely miss the goblin. You block the goblin's attack.
The goblin hits you with a +0 dagger.
* * * LOW HITPOINT WARNING * * *
Unknown command.
You miss the goblin.
The goblin shouts!
You block the goblin's attack. The goblin hits you with a +0 dagger.
You die...

##........
#######...#...#####
#.....[.....#.##..
#.#####.>.#...##.# ..#
##.##...##.# #
########.........##.###
...))))................
########........g#
###.##...##h#
#........##g#
#.#####.###)##.# #.
#...g....# # #....#####
#.##g# # #.##g####.#
...$##....g#
.........###.#


You could see Robin and 4 goblins.

Vanquished Creatures
  3 ball pythons (D:1)
  3 bats (D:1)
  An endoplasm (D:1)
  2 giant cockroaches (D:1)
  10 goblins
  3 hobgoblins (D:1)
  4 jackals (D:1)
  6 kobolds
  3 rats (D:1)
35 creatures vanquished.

Notes
Turn   | Place    | Note
-------+----------+-------------------------------------------
     0 | D:1      | timneilson the Deep Elf Shapeshifter began the quest for
                  | the Orb.
     0 | D:1      | Reached XP level 1. HP: 11/11 MP: 3/3
   147 | D:1      | Reached skill level 1 in Fighting
   152 | D:1      | Reached XP level 2. HP: 16/16 MP: 4/4
   422 | D:1      | Reached XP level 3. HP: 12/20 MP: 5/5
   736 | D:2      | Noticed Robin
   758 | D:2      | Reached skill level 1 in Stealth
   856 | D:2      | HP: 1/20 [goblin/+0 dagger[Robin] (6)]
   857 | D:2      | Slain by a goblin

Illustrated notes

Levels and vault maps discovered:
D:1:      spicycebolla_arrival_xxxplode, layout_basic, minmay_stone_trees_small,
          hangedman_abyss_or_decor_lesser_grid
D:2:      layout_loops_ring, hangedman_abyss_or_decor_stabs, st_stairs_7,
          kennysheep_another_room, uniq_robin

Skill      XL: |  1  2  3 |
---------------+----------+-----
Fighting       | 1 |  1.3
Stealth        | 1 |  1.0
Armour         | |  0.5
Dodging        | |  2.7
Shields        | |  0.1
Unarmed Combat | |  2.7
Shapeshifting  | |  3.5

Action                     || total
---------------------------++-------
  Melee: Unarmed           ||    93
         Punch             ||     1
    Use: Scroll            ||     4
 Armour: Animal skin       ||    48
  Dodge: Dodged            ||    52
  Block: Buckler           ||    33

Table legend: (Time is in decaauts)
 A = Elapsed time spent in this place.
 B = Non-inter-level travel time spent in this place.
 C = Inter-level travel time spent in this place.
 D = Time resting spent in this place.
 E = Time spent auto-exploring this place.
 F = Levels seen in this place.
 G = Mean time per level.
                   A        B        C        D        E       F      G
               +--------+--------+--------+--------+--------+-----+--------+
         Total |    856 |    842 |     14 |     15 |    368 |   2 |  428.0 |
       Dungeon |    856 |    842 |     14 |     15 |    368 |   2 |  428.0 |
               +--------+--------+--------+--------+--------+-----+--------+

Top non-repeatable levels by time:
     D:1: 640 daAuts
     D:2: 216 daAuts
